 Dungeon Crawl Stone Soup version 0.21.0-37-g46506fa (webtiles) character file.

3 Wehk the Magician (level 1, -5/13 HPs)
             Began as a Gnoll Wanderer on Jan 31, 2018.
             Was an Initiate of Dithmenos.
             Slain by a hobgoblin
             ... wielding a +0 club
              (6 damage)
             ... on level 1 of the Dungeon.
             The game lasted 00:01:45 (259 turns).

Wehk the Magician (Gnoll Wanderer)                   Turns: 259, Time: 00:01:46

Health: -5/13      AC:  2    Str: 13    XL:     1   Next: 50%
Magic:  8/8        EV:  8    Int: 14    God:    Dithmenos [......]
Gold:   7          SH:  0    Dex: 15    Spells: 14/14 levels left

rFire    . . .     SeeInvis .   d - +0 dagger
rCold    . . .     Gourm    .   (no shield)
rNeg     . . .     Faith    .   c - +0 robe
rPois    .         Spirit   .   (no helmet)
rElec    .         Reflect  .   (no cloak)
rCorr    .         Harm     .   (no gloves)
MR       .....                  (no boots)
Stlth    ++........             (no amulet)
HPRegen  0.04/turn              (no ring)
MPRegen  0.11/turn              (no ring)

@: constricted
A: distributed training, fangs 1, strong nose
a: Renounce Religion


You were on level 1 of the Dungeon.
You worshipped Dithmenos.
Dithmenos was noncommittal.
You were not hungry.

You visited 1 branch of the dungeon, and saw 2 of its levels.

You collected 7 gold pieces.

Inventory:

Hand Weapons
 d - a +0 dagger (weapon)
 e - a +0 hunting sling
Armour
 c - a +0 robe (worn)
 g - a +0 buckler
Books
 a - a book of Spatial Translocations

   Spells                             Type                      Level
   a - Blink                          Translocation                2
   b - Shroud of Golubria             Charms/Translocation         2
   c - Lesser Beckoning               Translocation                3
   d - Gell's Gravitas                Translocation                3
   e - Teleport Other                 Translocation                3
   f - Passage of Golubria            Translocation                4
Comestibles
 f - 2 rations


   Skills:
 + Level 0.0 Fighting
 + Level 0.0 Short Blades
 + Level 0.0 Long Blades
 + Level 0.0 Axes
 + Level 0.0 Maces & Flails
 + Level 0.0 Polearms
 + Level 0.0 Staves
 + Level 0.0 Slings
 + Level 0.0 Bows
 + Level 0.0 Crossbows
 + Level 0.0 Throwing
 + Level 0.0 Armour
 + Level 0.0 Dodging
 + Level 2.1 Stealth
 + Level 0.0 Shields
 + Level 0.0 Unarmed Combat
 + Level 7.0 Spellcasting
 + Level 0.0 Conjurations
 + Level 0.0 Hexes
 + Level 0.0 Charms
 + Level 0.0 Summonings
 + Level 1.9 Necromancy
 + Level 3.6 Translocations
 + Level 3.6 Transmutations
 + Level 0.0 Fire Magic
 + Level 0.0 Ice Magic
 + Level 0.0 Air Magic
 + Level 0.0 Earth Magic
 + Level 0.0 Poison Magic
 + Level 0.1 Invocations
 + Level 2.3 Evocations


You had 14 spell levels left.
You didn't know any spells.

Dungeon Overview and Level Annotations

Branches:
Dungeon (2/15)

Altars:
Dithmenos


Innate Abilities, Weirdness & Mutations

Your experience applies equally to all skills.
You have very sharp teeth.
Your uncanny sense of smell can sniff out nearby items.


Message History

The hobgoblin misses you.
You closely miss the hobgoblin.
The hobgoblin is heavily wounded.
The ball python barely misses you. The ball python closely misses you. x3
The hobgoblin hits you with a club.
* * * LOW HITPOINT WARNING * * *
You hit the hobgoblin. Your bite misses the hobgoblin.
The hobgoblin is severely wounded.
The ball python misses you. The ball python grabs you.
The ball python constricts you. The hobgoblin hits you with a club.
* * * LOW HITPOINT WARNING * * *
You closely miss the hobgoblin.
The hobgoblin is severely wounded.
The ball python bites you.
* * * LOW HITPOINT WARNING * * *
The ball python constricts you.
You hit the hobgoblin but do no damage.
The hobgoblin is severely wounded.
The hobgoblin hits you with a club.
You die...

## # .. #. .
#..# .# #.?.
###.# #..##
#.g.# #
#######@# #
#...ghS.# ∆ #
#....g#######
#
#....g.......
#
#.(..>$......
#
#............
#
#............
###
#............
#..
#.......>....
#....#


You could see a jackal, 3 hobgoblins, a goblin and a ball python.

Vanquished Creatures
  A frilled lizard (D:1)
  A goblin (D:1)
  2 kobolds (D:1)
  A rat (D:1)
5 creatures vanquished.

Notes
Turn   | Place    | Note
-------+----------+-------------------------------------------
     0 | D:1      | Wehk the Gnoll Wanderer began the quest for the Orb.
     0 | D:1      | Wehk set off with: a book of Spatial Translocations, 2 potions of curing, a +0 robe, a +0 dagger, a ration
     0 | D:1      | Reached XP level 1. HP: 13/13 MP: 8/8
   229 | D:1      | You fall through a shaft!
   231 | D:2      | Found a shadowy altar of Dithmenos.
   239 | D:2      | Found a faded altar of an unknown god.
   240 | D:2      | Became a worshipper of Dithmenos the Shadowed
   259 | D:1      | Slain by a hobgoblin

Action                   || total
-------------------------++-------
Melee: Dagger            ||    31
       Bite              ||     2
  Use: Potion            ||     2
       Scroll            ||     1
Armor: Robe              ||     9
Dodge: Dodged            ||    39
